 Dungeon Crawl Stone Soup version 0.29-a0-25-g7f48f510a0 (webtiles) character file.

Game seed: 840878466224546231

3292 testman the Basher (level 9, -12/93 HPs)
             Began as a Troll Berserker on Jan 31, 2022.
             Was an Elder of Trog.
             Mangled by an orc warrior (16 damage)
             ... on level 8 of the Dungeon.
             The game lasted 00:21:09 (5911 turns).

testman the Basher (Troll Berserker)                Turns: 5911, Time: 00:21:09

Health: -12/93     AC:  9    Str: 31    XL:     9   Next: 69%
Magic:  8/8        EV:  9    Int:  3    God:    Trog [****..]
Gold:   287        SH:  0    Dex:  9    Spells: 8/8 levels left

rFire   . . .      SeeInvis .   C - +3 giant spiked club
rCold   . . .      Faith    .   (shield currently unavailable)
rNeg    . . .      Spirit   .   w - +0 swamp dragon scales
rPois   +          Reflect  .   (helmet restricted)
rElec   .          Harm     .   (no cloak)
rCorr   .          Rampage  .   (gloves unavailable)
Will    .....                   (boots unavailable)
Stlth   ..........              (no amulet)
HPRegen 1.05/turn               (no ring)
MPRegen 0.11/turn               (no ring)

@: marked, on berserk cooldown, slowed, very slow
A: large, unfitting armour, claws 3, regeneration 1, shaggy fur 1, tough skin 1
a: Renounce Religion, Berserk, Trog's Hand, Brothers in Arms


You were on level 8 of the Dungeon.
You worshipped Trog.
Trog was greatly pleased with you.
You visited 1 branch of the dungeon, and saw 8 of its levels.

You collected 287 gold pieces.

Inventory:

Hand Weapons
 C - a +3 giant spiked club (weapon)
Missiles
 c - 157 stones
 u - 4 boomerangs (quivered)
 y - 6 poisoned darts
Armour
 w - +0 swamp dragon scales (worn)
Jewellery
 l - a ring of fire
Wands
 a - a wand of charming (6)
 e - a wand of paralysis (12)
 n - a wand of iceblast (5)
 A - a wand of flame (24)
 B - a wand of polymorph (7)
Scrolls
 b - a scroll of identify {unknown}
 f - a scroll of blinking
 g - 3 scrolls of teleportation
 i - a scroll of vulnerability {unknown}
 q - a scroll of silence
 t - a scroll of magic mapping
Potions
 h - a potion of resistance {unknown}
 k - 2 potions of berserk rage {unknown}
 m - a potion of degeneration {unknown}
 p - 2 potions of brilliance {unknown}
 r - 4 potions of curing {unknown}
 s - a potion of lignification {unknown}
 v - a potion of mutation {unknown}
 x - a potion of ambrosia {unknown}
 z - a potion of attraction {unknown}


   Skills:
 + Level 7.5 Fighting
 + Level 8.2 Maces & Flails
 + Level 5.8 Throwing
 - Level 2.4 Dodging
 - Level 1.1 Shields


You had 8 spell levels left.
You didn't know any spells.
Your spell library was empty.

Dungeon Overview and Level Annotations

Branches:
Dungeon (8/15)             Temple (0/1) D:6
   Lair: D:8-11

Altars:
Cheibriados
Elyvilon
Kikubaaqudgha
Uskayaw
Zin

Annotations:
D:5 2 transporters, Bediveer's ghost, amateur FeSu
D:8 Harold


Innate Abilities, Weirdness & Mutations

You are too large for most types of armour.
You have claws for hands.
Your natural rate of healing is unusually fast.
You are covered in fur. (AC +1)
You have tough skin. (AC +1)


Message History

The orc warrior hits you with a +1 short sword of speed.
* * * LOW HITPOINT WARNING * * *
The orc warrior hits you with a +1 short sword of speed.
* * * LOW HITPOINT WARNING * * *
You puncture the orc warrior!
The orc warrior is almost dead.
The orc warrior hits you with a +1 short sword of speed!
* * * LOW HITPOINT WARNING * * *
The orc warrior hits you with a +1 short sword of speed!
* * * LOW HITPOINT WARNING * * *
The orc warrior barely misses you.
You feel much better. The orc warrior closely misses you.
The orc warrior hits you with a +1 short sword of speed.
* * * LOW HITPOINT WARNING * * *
Okay, then.
Okay, then.
Aiming: Paralyse
Press: ? - help, Shift-Dir - straight line, f - orc warrior
Aim: an orc warrior, wielding a +1 short sword of speed and wearing a +0 plate armour (almost dead, chance to affect: 49%)
Okay, then.
You hit the orc warrior but do no damage.
The orc warrior is almost dead.
The orc warrior barely misses you.
The orc warrior hits you with a +1 short sword of speed.
* * * LOW HITPOINT WARNING * * *
The orc warrior hits you with a +1 short sword of speed!
* * * LOW HITPOINT WARNING * * *
The orc warrior hits you with a +1 short sword of speed.
* * * LOW HITPOINT WARNING * * *
Things that are here:
a +0 flail; a +0 chain mail You feel the effects of Trog's Hand fading.
The orc warrior closely misses you.
The orc warrior hits you with a +1 short sword of speed!
* * * LOW HITPOINT WARNING * * *
Your skin stops crawling.
You feel less strong-willed.
The orc warrior hits you with a +1 short sword of speed!
* * * LOW HITPOINT WARNING * * *
The orc warrior hits you with a +1 short sword of speed!
You die...

#. #.....#.#..#.##......
#. #..###...............
#.##.## ##.#..........##
#.#.## ##..##.##..###
#.#.# #.........# #...##
##.###.##.## ####.##
##.####.##.#####
#..###..............#
#.@o@......####.###.#
####..#######.# #......
#.).oo....# #.# #####.#
#(##..###.###.#######...
#.##..#.................
#@.......#...#...#รท..#..
#o..#.#)..# #....)###...
#...#.#...# #.#..)#(#...
#...#..o..# +.....'##..#


You could see Harold, an orc warrior and an orc.

Vanquished Creatures
  Maggie (D:6)
  Prince Ribbit (D:8)
  A wyvern (D:8)
  2 steam dragons (D:7)
  An ice beast (D:5)
  A sky beast (D:8)
  An orc warrior (D:7)
  3 centaurs
  2 ogres
  2 phantoms (D:6)
  5 bullfrogs
  A gnoll sergeant (D:6)
  3 scorpions
  A killer bee (D:8)
  5 wights
  A bullfrog zombie (D:5)
  A centaur zombie (D:8)
  3 hounds
  2 orc priests
  A jelly (D:6)
  A gnoll shaman (D:6)
  An iguana (D:6)
  3 orc wizards
  3 killer bee zombies
  13 gnolls
  A howler monkey zombie (D:8)
  7 adders
  3 white imps
  An adder skeleton (D:4)
  A worm (D:2)
  25 orcs
  5 bats
  3 endoplasms
  8 giant cockroaches
  7 goblins
  8 hobgoblins
  10 jackals
  5 quokkas
  8 ball pythons
  3 frilled lizards
  5 kobolds
  3 rats
162 creatures vanquished.

Vanquished Creatures (others)
  A fungus (D:3)
  A withered plant (D:3)
2 creatures vanquished.

Grand Total: 164 creatures vanquished

Notes
Turn   | Place    | Note
-------+----------+-------------------------------------------
     0 | D:1      | testman the Troll Berserker began the quest for the Orb.
     0 | D:1      | Reached XP level 1. HP: 22/22 MP: 0/0
    42 | D:1      | Reached skill level 3 in Maces & Flails
    42 | D:1      | Reached XP level 2. HP: 13/29 MP: 1/1
   379 | D:1      | Reached XP level 3. HP: 36/37 MP: 2/2
   523 | D:1      | Reached ** piety under Trog
   766 | D:2      | Reached XP level 4. HP: 42/45 MP: 3/3
   883 | D:2      | Reached skill level 1 in Shields
  1402 | D:3      | Found a faded altar of an unknown god.
  1999 | D:4      | Reached skill level 4 in Maces & Flails
  1999 | D:4      | Reached XP level 5. HP: 33/54 MP: 4/4
  2264 | D:4      | Reached *** piety under Trog
  2356 | D:4      | Noticed an ogre
  2360 | D:4      | Killed an ogre
  2361 | D:4      | Reached XP level 6. HP: 63/63 MP: 5/5
  2480 | D:4      | Found a hide-covered altar of Uskayaw.
  2549 | D:5      | Entered Level 5 of the Dungeon
  2572 | D:5      | Reached skill level 5 in Maces & Flails
  2776 | D:5      | Found a transporter.
  2779 | D:5      | Noticed an ice beast
  2779 | D:5      | Noticed Bediveer's ghost (amateur FeSu)
  2779 | D:5      | Noticed a shadow
  2786 | D:5      | Found a transporter.
  3119 | D:5      | Noticed an ice beast
  3127 | D:5      | Killed an ice beast
  3128 | D:5      | Reached skill level 5 in Fighting
  3128 | D:5      | Reached XP level 7. HP: 72/72 MP: 6/6
  3284 | D:5      | Found a snail-covered altar of Cheibriados.
  3477 | D:6      | Reached skill level 1 in Throwing
  3741 | D:6      | Found a staircase to the Ecumenical Temple.
  3790 | D:6      | Reached skill level 6 in Maces & Flails
  3874 | D:6      | Reached XP level 8. HP: 62/81 MP: 7/7
  4036 | D:6      | HP: 1/83 [orc priest (7)]
  4144 | D:6      | Found an ancient bone altar of Kikubaaqudgha.
  4235 | D:6      | Noticed Maggie
  4242 | D:6      | Killed Maggie
  4688 | D:7      | Found a white marble altar of Elyvilon.
  4753 | D:7      | Reached skill level 7 in Maces & Flails
  4946 | D:7      | Reached XP level 9. HP: 79/92 MP: 8/8
  5000 | D:7      | Reached **** piety under Trog
  5314 | D:7      | Reached skill level 5 in Throwing
  5346 | D:7      | Found a glowing silver altar of Zin.
  5346 | D:7      | Noticed an angel
  5416 | D:8      | Noticed Prince Ribbit
  5431 | D:8      | Killed Prince Ribbit
  5633 | D:8      | Reached skill level 8 in Maces & Flails
  5874 | D:8      | Noticed Harold
  5900 | D:8      | HP: 2/93 [orc warrior (8)]
  5910 | D:8      | HP: 3/93 [orc warrior (13)]
  5911 | D:8      | Mangled by an orc warrior

Illustrated notes

Levels and vault maps discovered:
D:1:      dpeg_arrival_radiant, layout_rooms, corexii_hall_statues_l
D:2:      layout_rooms
D:3:      layout_basic, shapermc_ecumenical_altar_gd
D:4:      layout_basic, nicolae_uskayaw_suspiria
D:5:      layout_basic, kennysheep_mini_moat, gammafunk_ghost_arena
D:6:      layout_loops_ring, mainiacjoe_overflow_catwalk,
          lemuel_temple_firewalk_b, uniq_maggie
D:7:      layout_loops_cross, elyvilon_altar_1, zin_angel, serial_park_tiny_pond
D:8:      layout_loops_ring, gammafunk_ghost_ooze,
          minmay_fractal_squares_diagonal_5, uniq_prince_ribbit1, uniq_harold

Skill      XL: |  1  2  3  4  5  6  7  8  9 |
---------------+----------------------------+-----
Maces & Flails | 3 4 5 6 7 8 |  8.2
Fighting       | 3 4 5 6 7 |  7.5
Shields        | 1 |  1.1
Throwing       | 2 4 5 |  5.8
Dodging        | |  2.4

Action                   |  1- 3 |  4- 6 |  7- 9 || total
-------------------------+-------+-------+-------++-------
Melee: Mace              |    98 |    98 |       ||   196
       Flail             |       |    45 |       ||    45
       Giant club        |       |    39 |    62 ||   101
       Giant spiked club |       |       |   216 ||   216
Throw: Boomerang         |       |     4 |    14 ||    18
       Dart              |       |       |     1 ||     1
Invok: Berserk           |     1 |     1 |     4 ||     6
       Trog's Hand       |       |       |     2 ||     2
  Use: Scroll            |       |       |     9 ||     9
       Potion            |       |       |     3 ||     3
Armor: Animal skin       |    61 |    69 |    38 ||   168
       Swamp dragon scal |       |       |   117 ||   117
Dodge: Dodged            |    68 |    68 |   166 ||   302
Block: Tower shield      |    28 |    92 |       ||   120

Table legend: (Time is in decaauts)
 A = Elapsed time spent in this place.
 B = Non-inter-level travel time spent in this place.
 C = Inter-level travel time spent in this place.
 D = Time resting spent in this place.
 E = Time spent auto-exploring this place.
 F = Levels seen in this place.
 G = Mean time per level.
                   A        B        C        D        E       F      G
               +--------+--------+--------+--------+--------+-----+--------+
         Total |   6198 |   6055 |    143 |    513 |   4057 |   8 |  774.8 |
       Dungeon |   6198 |   6055 |    143 |    513 |   4057 |   8 |  774.8 |
               +--------+--------+--------+--------+--------+-----+--------+

Top non-repeatable levels by time:
     D:6: 1255 daAuts
     D:5: 952 daAuts
     D:3: 834 daAuts
     D:7: 770 daAuts
     D:1: 649 daAuts
     D:4: 621 daAuts
     D:2: 578 daAuts
     D:8: 535 daAuts
